 Dungeon Crawl Stone Soup version 0.22-a0-617-g6d95e9e (webtiles) character file.

139 galech the Skirmisher (level 5, -2/57 HPs)
             Began as an Ogre Berserker on July 12, 2018.
             Was a Believer of Trog.
             Slain by an orc
             ... wielding a +0 flail
              (7 damage)
             ... on level 3 of the Dungeon.
             The game lasted 00:02:01 (2015 turns).

galech the Skirmisher (Ogre Berserker)              Turns: 2015, Time: 00:02:02

Health: -2/57      AC:  3    Str: 21    XL:     5   Next: 22%
Magic:  5/5        EV: 11    Int:  8    God:    Trog [**....]
Gold:   161        SH:  0    Dex:  9    Spells: 4/4 levels left

rFire    . . .     SeeInvis .   a - +0 mace
rCold    . . .     Gourm    .   (no shield)
rNeg     . . .     Faith    .   b - +0 animal skin
rPois    .         Spirit   .   (helmet restricted)
rElec    .         Reflect  .   (no cloak)
rCorr    .         Harm     .   (gloves unavailable)
MR       .....                  (boots unavailable)
Stlth    +.........             (no amulet)
HPRegen  0.19/turn              (no ring)
MPRegen  0.09/turn              (no ring)

@: lethally poisoned (-2 -> -5), berserk cooldown, slowed, very slow
A: large, unfitting armour, tough skin 1
a: Berserk, Trog's Hand, Renounce Religion


You were on level 3 of the Dungeon.
You worshipped Trog.
Trog was pleased with you.
You were very hungry.

You visited 1 branch of the dungeon, and saw 3 of its levels.

You collected 161 gold pieces.

Inventory:

Hand Weapons
 a - a +0 mace (weapon)
Armour
 b - a +0 animal skin (worn)
Scrolls
 e - a scroll of enchant armour {unknown}
 g - 2 scrolls of random uselessness {unknown}
 i - 2 scrolls of remove curse {unknown}
 l - 2 scrolls of fear {unknown}
Potions
 d - a potion of degeneration {unknown}
 f - a potion of agility {unknown}
 h - 2 potions of invisibility {unknown}
 j - a potion of resistance {unknown}
 k - a potion of lignification {unknown}
 n - a potion of curing {unknown}
Comestibles
 c - 3 rations
 m - 5 chunks of flesh


   Skills:
 + Level 5.1 Fighting
 + Level 4.1 Maces & Flails
 + Level 3.5 Dodging


You had 4 spell levels left.
You didn't know any spells.
Your spell library was empty.

Dungeon Overview and Level Annotations

Branches:
Dungeon (3/15)

Altars:


Innate Abilities, Weirdness & Mutations

You are too large for most types of armour.
You have tough skin. (AC +1)


Message History

You feel the effects of Trog's Hand fading.
You feel sick.
The hobgoblin hits you but does no damage.
The hobgoblin hits you.
* * * LOW HITPOINT WARNING * * *
You hit the hobgoblin.
You kill the hobgoblin!
Trog accepts your kill.
You feel sick. The orc hits you with a flail!
* * * LOW HITPOINT WARNING * * *
You hit the orc but do no damage.
You are feeling very hungry.
You feel sick. The orc closely misses you.
You barely miss the orc.
Your skin stops crawling.
You feel less resistant to hostile enchantments.
You feel sick. The orc hits you with a flail.
* * * LOW HITPOINT WARNING * * *
The orc hits you with a flail!
You die...

###........#
..#..).....#
...........#
...........####
....<.........#
.....$.....##.#
......†....##.##
...###.#####..##
.. #@# ##.(####
#o# ##..<.# #o#
####.# #.# .#
... .. ..# ...
..# #..# .#.#
###


You could see 2 orcs.

Vanquished Creatures
  An orc priest (D:3)
  Terence (D:2)
  2 adders
  An ooze (D:1)
  4 worms
  A dart slug (D:2)
  A leopard gecko (D:3)
  2 orcs (D:3)
  2 ball pythons
  4 giant cockroaches
  3 goblins (D:2)
  4 hobgoblins
  4 bats
  6 frilled lizards
  9 kobolds
  8 rats (D:1)
53 creatures vanquished.

Notes
Turn   | Place    | Note
-------+----------+-------------------------------------------
     0 | D:1      | galech the Ogre Berserker began the quest for the Orb.
     0 | D:1      | Reached XP level 1. HP: 24/24 MP: 1/1
   242 | D:1      | Reached XP level 2. HP: 32/32 MP: 2/2
   613 | D:1      | Reached XP level 3. HP: 40/40 MP: 3/3
   699 | D:1      | Reached ** piety under Trog
   970 | D:2      | Noticed Terence
   986 | D:2      | Killed Terence
   986 | D:2      | Reached XP level 4. HP: 31/49 MP: 4/4
  1837 | D:2      | Reached skill level 5 in Fighting
  1990 | D:3      | Reached XP level 5. HP: 51/57 MP: 5/5
  2015 | D:3      | Slain by an orc

Vault maps used:
D:1:      moated_graveyard_arrival, hangedman_abyss_or_decor_lesser_grid
D:2:      minmay_quantized, uniq_terence
D:3:      uniq_crazy_yiuf_cottage, uniq_ijyb

Skill      XL: |  1  2  3  4 |
---------------+-------------+-----
Maces & Flails | 3 4 |  4.1
Dodging        | 3 |  3.5
Fighting       | 5 |  5.1

Action                   |  1- 3 |  4- 6 || total
-------------------------+-------+-------++-------
Melee: Mace              |   109 |   108 ||   217
Invok: Berserk           |     1 |     1 ||     2
       Trog's Hand       |       |     1 ||     1
  Eat: Chunk             |     1 |     4 ||     5
Armor: Animal skin       |    45 |    47 ||    92
Dodge: Dodged            |    52 |    63 ||   115

Table legend:
 A = Spawn XP
 B = Non-spawn XP
 C = Spawn XP percentage of total XP
 D = Spawn monster count
 E = Non-spawn monster count
 F = Spawn count percentage of total count
 G = Total turns spent on level
                    A         B        C        D         E        F      G
               +---------+---------+-------+---------+---------+-------+---------
         Total |       0 |     199 |   0.0 |       0 |      53 |   0.0 |  2015
               +---------+---------+-------+---------+---------+-------+---------
           D:1 |       0 |      38 |   0.0 |       0 |      25 |   0.0 |   791
           D:2 |       0 |      86 |   0.0 |       0 |      18 |   0.0 |  1110
           D:3 |       0 |      75 |   0.0 |       0 |      10 |   0.0 |   114
               +---------+---------+-------+---------+---------+-------+---------
